 Dungeon Crawl Stone Soup version 0.22.1-1-ga44c0e5 (webtiles) character file.

694447 Lauz the Swordmaster (level 27, -34/218 HPs)
             Began as a Minotaur Berserker on Nov 3, 2018.
             Was the Champion of Trog.
             Killed from afar by a shadow dragon (41 damage)
             ... with a bolt of negative energy
             ... on level 5 of the Vaults.
             The game lasted 06:02:33 (63615 turns).

Lauz the Swordmaster (Minotaur Berserker)          Turns: 63615, Time: 06:02:34

Health: -34/218    AC: 27    Str: 33    XL:     27
Magic:  6/6        EV: 21    Int:  3    God:    Trog [******]
Gold:   4179       SH: 16    Dex: 12    Spells: 26/26 levels left

rFire    + + +     SeeInvis .   t - +7 double sword (antimagic)
rCold    + + +     Gourm    .   R - +3 buckler of Hysteria {rPois rC+ Regen+ rCorr}
rNeg     . . .     Faith    .   o - +0 gold dragon scales of Foolhardiness {rPois rF+ rC+ Regen+ Int+2}
rPois    +         Spirit   .   v - +2 hat
rElec    +         Reflect  +   k - scarf {rC+ rF+}
rCorr    +         Harm     .   w - +2 pair of gloves of Ru's Envy {rF+ Regen+ rCorr Int+3}
MR       +++..     Rnd*Rage +   K - +0 pair of boots {Fly}
Stlth    ..........             C - +5 amulet of reflection
HPRegen  0.00/turn              l - ring "Yfuolam" {EV+4 Str+2 Dex+4 Slay+5}
MPRegen  0.10/turn              U - ring "Winy" {rElec rF+++ rC+ MR+ Int-2}

@: studying Staves, heavily drained
A: retaliatory headbutt, horns 2, berserk 1, clumsy 2, deformed body, dopey 2,
frail 2, low mp 1, inhibited regeneration, weak 1, no potion heal 2
}: 5/15 runes: serpentine, barnacled, slimy, silver, abyssal
a: Berserk, Trog's Hand, Brothers in Arms, Renounce Religion, Evoke Flight


You were on level 5 of the Vaults.
You worshipped Trog.
Trog was exalted by your worship.
You were hungry.

You visited 10 branches of the dungeon, and saw 52 of its levels.
You visited the Abyss 3 times.
You also visited: Ice Cave and Wizlab.

You collected 7316 gold pieces.
You spent 3137 gold pieces at shops.

Inventory:

Hand Weapons
 i - the +0 sword of Power
   (You found it on level 3 of the Elven Halls)
 r - a +5 double sword of holy wrath
 t - a +7 antimagic double sword (weapon)
 T - a +3 double sword of slicing
 X - the +8 triple sword of the Crypt {drain, *Corrode Dex+6}
   (Trog gifted it to you on level 4 of the Shoals)

   A truly terrible weapon, it drains the life of those it strikes.
   It affects your dexterity (+6).
   It may corrode you when you take damage.
Missiles
 g - 16 steel javelins (quivered)
Armour
 k - a scarf of resistance (worn)
 o - the +0 gold dragon scales of Foolhardiness (worn) {rPois rF+ rC+ Regen+ Int+2}
   (You bought it in a shop on level 3 of the Vaults)

   It affects your intelligence (+2).
   It protects you from fire.
   It protects you from cold.
   It protects you from poison.
   It increases your rate of regeneration.
 v - a +2 hat (worn)
 w - the +2 pair of gloves of Ru's Envy (worn) {rF+ Regen+ rCorr Int+3}
   (You found it on level 5 of the Pits of Slime)

   It affects your intelligence (+3).
   It protects you from fire.
   It increases your rate of regeneration.
   It provides partial protection from all sources of acid and corrosion.
 H - +0 gold dragon scales
 J - a +2 large shield
 K - a +0 pair of boots of flying (worn)
 Q - the +0 crystal plate armour of Insatiable Hunger {rN+ Str+3 Dex+3}
   (You found it on level 1 of the Crypt)

   It affects your strength (+3).
   It affects your dexterity (+3).
   It protects you from negative energy.
 R - the +3 buckler of Hysteria (worn) {rPois rC+ Regen+ rCorr}
   (You bought it in a shop on level 11 of the Dungeon)

   It protects you from cold.
   It protects you from poison.
   It increases your rate of regeneration.
   It provides partial protection from all sources of acid and corrosion.
Jewellery
 b - a +5 ring of evasion
 l - the ring "Yfuolam" (left hand) {EV+4 Str+2 Dex+4 Slay+5}
   (You found it on level 10 of the Dungeon)

   [ring of evasion]

   It affects your evasion (+4).
   It affects your strength (+2).
   It affects your dexterity (+4).
   It affects your accuracy and damage with ranged weapons and melee attacks
   (+5).
 C - a +5 amulet of reflection (around neck)
 L - an uncursed ring of protection from magic
 S - an uncursed amulet of the acrobat
 U - the ring "Winy" (right hand) {rElec rF+++ rC+ MR+ Int-2}
   (You found it in an ice cave)

   [ring of protection from cold]

   It affects your intelligence (-2).
   It renders you almost immune to fire.
   It protects you from cold.
   It insulates you from electricity.
   It affects your resistance to hostile enchantments.
 W - the ring of the Disturbing Moons {rC+ rN+ Int+6 Dex+4}
   (You took it off a deep elf annihilator on level 3 of the Elven Halls)

   [ring of intelligence]

   It affects your intelligence (+6).
   It affects your dexterity (+4).
   It protects you from cold.
   It protects you from negative energy.
Wands
 j - a wand of paralysis (56)
 q - a wand of acid (29)
 D - a wand of digging (34)
 E - a wand of iceblast (48)
 V - a wand of enslavement (78)
 Z - a wand of polymorph (12)
Scrolls
 d - 2 scrolls of identify
 n - 10 scrolls of enchant armour
 s - 11 scrolls of fear
 x - 6 scrolls of fog
 y - 11 scrolls of teleportation
 B - 13 scrolls of remove curse
 F - 4 scrolls of brand weapon
 G - 9 scrolls of magic mapping
 I - 8 scrolls of enchant weapon
 N - 2 scrolls of silence
Potions
 a - 4 potions of cancellation
 h - 17 potions of curing
 m - 9 potions of brilliance
 p - 11 potions of haste
 u - 4 potions of ambrosia
 A - 6 potions of agility
 M - 5 potions of might
 P - a potion of resistance
 Y - 2 potions of invisibility
Books
 O - a manual of Staves
Miscellaneous
 e - a fan of gales
Comestibles
 c - 61 rations
 f - 5 chunks of flesh


   Skills:
 O Level 27(24.3) Fighting
 O Level 27(24.3) Long Blades
 - Level 0.4(0.0) Throwing
 O Level 27(24.3) Armour
 + Level 22.2(19.7) Dodging
 - Level 2.2(0.7) Stealth
 + Level 20.8(18.4) Shields
 - Level 0.1(0.0) Evocations


You had 26 spell levels left.
You didn't know any spells.
Your spell library was empty.

Dungeon Overview and Level Annotations

Branches:
Dungeon (15/15)            Temple (0/1) D:4            Lair (6/6) D:10
 Shoals (4/4) Lair:3        Snake (4/4) Lair:2        Slime (5/5) Lair:6
    Orc (2/2) D:11            Elf (3/3) Orc:2        Vaults (5/5) D:14
  Crypt (3/3) Vaults:2       Tomb (0/3) Crypt:3      Depths (5/5) D:15
    Zot (0/5) Depths:5

Altars:
Ashenzari
Cheibriados
Dithmenos
Elyvilon
Fedhas
Hepliaklqana
Kikubaaqudgha
Makhleb
Nemelex Xobeh
Ru
Sif Muna
Trog
Vehumet
Wu Jian
Yredelemnul
Zin
The Shining One
Beogh

Shops:
D:4 %   D:6 ??=:   D:11 [   D:15 *   Orc:1 (   Orc:2 (*[:   Elf:1 [*
Elf:2 :**%(   Snake:1 (   Vaults:1 %   Vaults:3 [   Vaults:5 ?%!   Depths:2 *

Portals:
Hell: Depths:1 Depths:2 Depths:3 Depths:4 Depths:5
Abyss: Depths:1 Depths:4
Pandemonium: Depths:3
Ziggurat: Depths:3
Trove: Elf:1 (give 2 scrolls of acquirement)

Annotations:
D:3 2 transporters, Tommers's ghost, amateur OpVM
D:9 exclusion: statue
D:13 exclusion: upstairs
Lair:6 exclusion: 4 oklob plants
Depths:4 4 transporters


Innate Abilities, Weirdness & Mutations

You reflexively headbutt those who attack you in melee.
You have a pair of horns on your head.
You tend to lose your temper in combat.
You are very clumsy. (Dex -4)
Armour fits poorly on your strangely shaped body.
You are very dopey. (Int -4)
You are very frail. (-20% HP)
Your magical capacity is low. (-10% MP)
You do not regenerate when monsters are visible.
You are weak. (Str -2)
Potions are poor at restoring your health.


Message History

The shadow dragon is almost dead.
Your cyclops is no longer berserk.
The shadow dragon bites you but does no damage.
You block the shadow dragon's attack. The shadow dragon closely misses you.
Your cyclops closely misses the vault guard.
The titan hits your cyclops!!
The vault guard hits you with a war axe.
* * * LOW HITPOINT WARNING * * *
The vault guard hits your cyclops with a war axe.
You hit the shadow dragon. Your headbutt misses the shadow dragon.
The shadow dragon is almost dead.
The lich gestures at you while chanting.
You feel haunted. The freezing wraith hits you!
* * * LOW HITPOINT WARNING * * *
The freezing wraith freezes you. You resist.
* * * LOW HITPOINT WARNING * * *
The freezing wraith misses you.
The shadow dragon breathes negative energy at you.
The bolt of negative energy hits you!
You feel drained.
You die...

....#......# #...#...#.
)..#..L....#....#..)#...#.
}.#..C..#).#....#...##'##.
.#.....#..)#....#..)......
..........#....#.........
.......#C.#....#...##'##.
......#DCW#....#...#...#.
.....#W.pW#....#...#.∩.#.
.#..#...@DW....#...#####.
#..#....WW#....#.........
.................).......
#######.#........########
...................
....................
#####################


You could see a shadow dragon, a titan, a fire dragon, a lich, a vault guard, an
ettin, 2 freezing wraiths, a phantom, 3 wraiths and a friendly cyclops.

Vanquished Creatures
  the Royal Jelly (Slime:5)
  5 ancient liches
  A juggernaut (Depths:1)
  Sojobo (Vaults:4)
  3 greater mummies (Depths:2)
  Boris (Crypt:1)
  Margery (Vaults:4)
  Xtahua (Crypt:1)
  3 golden dragons
  A caustic shrike (Depths:4)
  Nikola (Vaults:2)
  Jory (Crypt:3)
  A profane servitor (Abyss:3)
  the Enchantress (Depths:3)
  4 bone dragons
  5 liches
  The ghost of Zaliutr Qeeff the Severer, an adept CeBe of Makhleb (Crypt:1)
  A hellephant (Abyss:2)
  4 tentacled monstrosities (Vaults:5)
  A titan (Vaults:5)
  A quicksilver dragon (Vaults:5)
  2 deep elf blademasters (Elf:3)
  25 acid blobs
  Polyphemus (Shoals:2)
  9 tentacled starspawn
  An eldritch tentacle (Abyss:1)
  9 tengu reavers
  8 ancient champions
  A kraken (Shoals:2)
  A shadow dragon (Vaults:5)
  A storm dragon (Depths:5)
  3 revenants
  18 azure jellies
  24 nagarajas
  7 fire giants
  A shadow dragon (shapeshifter) (Depths:3)
  4 iron dragons
  2 draconian knights
  13 deep elf sorcerers
  An orc warlord (Orc:2)
  A draconian scorcher (Depths:5)
  3 balrugs
  17 vault wardens
  A caustic shrike zombie (Crypt:3)
  3 frost giants
  2 draconian stormcallers (Abyss:3)
  2 curse skulls (Crypt:1)
  7 deep elf elementalists
  4 spriggan defenders (Depths:3)
  A juggernaut skeleton (Depths:2)
  14 ironheart preservers
  7 ghouls
  4 caustic shrike skeletons
  A reaper (Crypt:1)
  An ophan (Abyss:2)
  30 very ugly things
  3 entropy weavers
  7 vampire knights
  4 deep elf demonologists (Elf:3)
  The ghost of poirepourri the Peltast, a journeyman DDFi of Makhleb (D:14)
  21 stone giants
  6 spark wasps
  A black draconian (Depths:5)
  14 purple draconians
  A lorocyproca (Abyss:3)
  5 deep elf annihilators (Elf:3)
  A dire elephant (Lair:6)
  6 merfolk javelineers
  10 ettins
  9 statues (WizLab)
  6 deep elf death magi
  2 eidola (Crypt:3)
  Josephine (Orc:2)
  2 blizzard demons (IceCv)
  14 yaktaur captains
  12 death oozes
  2 mummy priests (Depths:2)
  6 jiangshi
  12 fire dragons
  The ghost of Anon1729 the Arsonist, a journeyman BaFE of Vehumet (Lair:2)
  12 ogre magi
  6 deep elf high priests
  17 merfolk impalers
  11 ice dragons
  21 naga warriors
  30 vault guards
  A quicksilver dragon skeleton (Crypt:3)
  5 rakshasas
  23 great orbs of eyes
  12 hydras
  4 merfolk aquamancers
  7 spriggan air magi
  4 catoblepae
  2 merfolk avatars
  An alligator snapping turtle (Shoals:4)
  24 two-headed ogres
  15 deep troll shamans
  9 death knights
  14 centaur warriors
  11 anacondas
  A satyr (Shoals:3)
  8 tengu warriors
  6 death yaks
  29 naga sharpshooters
  2 titan zombies
  25 dancing weapons
  7 vampire magi
  6 deep troll earth magi
  A soul eater (Crypt:2)
  8 shock serpents
  17 thrashing horrors
  7 spriggan berserkers
  2 sun demons (Depths:2)
  21 deep elf knights
  8 iron trolls
  5 titan skeletons (Crypt:3)
  2 salamander mystics
  2 sixfirhies
  6 hell knights
  4 shadow wraiths
  7 sea snakes
  A golden dragon zombie (Vaults:4)
  8 wretched stars
  2 spatial maelstroms
  33 skeletal warriors
  23 deep trolls
  8 unseen horrors
  An orange crystal statue (Depths:2)
  11 phantasmal warriors
  6 wizards
  A kraken simulacrum (Shoals:4)
  11 flayed ghosts
  5 glowing orange brains
  45 starcursed masses
  15 deep elf archers
  17 ironbrand convokers
  16 naga ritualists
  12 orc knights
  23 harpies
  8 necromancers
  A lindwurm (Lair:6)
  2 wolf spider zombies
  2 golden dragon skeletons
  A tengu zombie (Depths:2)
  24 ugly things
  An orb spider (shapeshifter) (Vaults:2)
  5 wolf spiders
  An oklob plant (Lair:3)
  A fire giant zombie (D:15)
  5 mana vipers
  An orc sorcerer (Orc:2)
  4 draconians (Abyss:3)
  9 shining eyes
  68 deep elf magi
  14 fauns
  A stone giant zombie (D:15)
  4 cyclopes
  3 human zombies
  An iron dragon zombie (Depths:2)
  19 manticores
  13 salamanders
  2 worldbinders
  3 rust devils
  13 merfolk sirens
  10 elephants
  2 iron dragon skeletons (Crypt:3)
  A dire elephant zombie (Abyss:3)
  A salamander (shapeshifter) (Depths:1)
  3 fire giant skeletons
  A black mamba (shapeshifter) (Vaults:4)
  2 orange demons
  6 water nymphs
  12 smoke demons
  Maurice (D:12)
  An elephant (shapeshifter) (Depths:1)
  12 vault sentinels
  43 black mambas
  A stone giant skeleton (Crypt:3)
  An ice statue (IceCv)
  3 apocalypse crabs
  An elephant slug zombie (Crypt:2)
  7 guardian serpents
  2 guardian serpents (shapeshifter)
  3 eyes of devastation
  2 frost giant skeletons (Crypt:3)
  A gargoyle (D:15)
  A spiny frog (shapeshifter) (D:15)
  16 naga magi
  A rime drake (Lair:6)
  15 spiny frogs
  9 komodo dragons
  2 dire elephant skeletons (Crypt:3)
  An efreet (Abyss:3)
  50 yaktaurs
  A kobold demonologist (D:12)
  17 freezing wraiths
  2 catoblepas skeletons
  A spriggan skeleton (Depths:2)
  4 hellwings
  A yaktaur (shapeshifter) (Vaults:2)
  4 anaconda simulacra (IceCv)
  9 ancient zymes
  A golden dragon simulacrum (IceCv)
  A red devil (Depths:3)
  3 tengu conjurers
  A minotaur skeleton (Crypt:3)
  6 ice devils (IceCv)
  2 polar bears
  2 polar bears (shapeshifter)
  44 merfolk
  A queen bee (D:10)
  9 trolls
  A troll (shapeshifter) (Depths:5)
  26 large abominations
  23 raiju
  5 wind drakes
  2 queen bees (shapeshifter)
  6 bog bodies
  2 ettin zombies
  A guardian serpent zombie (Crypt:2)
  10 hornets
  10 snapping turtles
  Prince Ribbit (D:8)
  15 blink frogs
  96 slime creatures
  A spriggan zombie (D:15)
  3 blink frogs (shapeshifter)
  A fire dragon zombie (D:15)
  9 hippogriffs
  A hippogriff (shapeshifter) (Vaults:2)
  A frost giant simulacrum (Crypt:3)
  5 centaur simulacra
  6 redbacks
  7 spriggans
  Sigmund (D:5)
  2 ettin skeletons (Crypt:3)
  A shadow (D:15)
  3 ynoxinuls
  A fire dragon skeleton (Crypt:3)
  2 air elementals
  A vampire (D:12)
  An alligator skeleton (Crypt:3)
  A dire elephant simulacrum (IceCv)
  20 yaks
  An elf zombie (Depths:2)
  20 wraiths
  A yak (shapeshifter) (Vaults:2)
  A hog (shapeshifter) (D:13)
  2 steam dragons
  18 water elementals
  A hungry ghost (D:14)
  7 golden eyes
  3 wyverns
  5 basilisks
  A basilisk (shapeshifter) (Depths:1)
  A wind drake zombie (Crypt:1)
  17 humans (D:14)
  3 tarantellas
  A golden eye (shapeshifter) (Vaults:5)
  5 fire elementals
  4 neqoxecs
  5 vampire mosquitoes
  9 chaos spawn
  A human (shapeshifter) (Depths:4)
  A yaktaur simulacrum (Vaults:2)
  2 spatial vortices
  2 wargs
  7 insubstantial wisps
  An iron troll simulacrum (IceCv)
  62 nagas
  5 harpy simulacra
  15 water moccasins
  An orb spider zombie (Crypt:1)
  3 acid dragons
  A floating eye (shapeshifter) (Vaults:5)
  3 porcupines
  4 hydra simulacra (IceCv)
  26 orc warriors
  7 sky beasts
  7 eyes of draining
  3 ice beasts
  A black bear (D:11)
  3 necrophages
  4 ettin simulacra (IceCv)
  3 phantoms
  5 boggarts (Depths:3)
  8 wolves (Lair:6)
  2 dream sheep zombies
  27 ogres
  23 centaurs
  7 crocodiles
  3 big kobolds
  15 bullfrogs
  A rime drake skeleton (Crypt:2)
  9 earth elementals
  Blork the orc (D:5)
  A deep troll simulacrum (Vaults:3)
  A water moccasin skeleton (Crypt:2)
  4 scorpions
  18 small abominations
  An elephant simulacrum (IceCv)
  31 killer bees
  5 electric eels
  34 wights
  7 howler monkeys (D:9)
  6 crimson imps
  3 lava snakes
  4 centaur zombies
  7 hounds
  6 quasits
  A bullfrog zombie (D:9)
  2 draconian simulacra (IceCv)
  14 orc priests
  7 iron imps
  7 jellies
  23 orc wizards
  2 bullfrog skeletons
  3 centaur skeletons
  2 iguanas (D:4)
  Ijyb (D:2)
  11 worker ants
  7 troll simulacra (IceCv)
  A polar bear simulacrum (IceCv)
  2 spriggan simulacra (IceCv)
  A big kobold zombie (Crypt:2)
  2 dwarf zombies (Crypt:1)
  A sky beast zombie (Crypt:3)
  An ogre skeleton (Crypt:3)
  A demigod zombie (Crypt:1)
  2 hound zombies
  A hound skeleton (D:4)
  A worker ant zombie (D:8)
  3 gnolls (D:2)
  16 adders
  11 river rats (D:5)
  A scorpion zombie (Crypt:1)
  A swamp drake zombie (Crypt:1)
  4 naga simulacra (IceCv)
  2 ogre simulacra (IceCv)
  8 shadow imps
  7 white imps
  5 ufetubi
  An ooze (D:2)
  3 worms
  A barachi skeleton (Crypt:3)
  2 dart slugs (D:2)
  11 leopard geckos
  53 orcs
  3 ball pythons
  15 bats
  10 giant cockroaches
  13 goblins
  7 hobgoblins
  10 jackals
  11 quokkas
  2 frilled lizards
  2 frilled lizard skeletons (Crypt:3)
  A gnoll skeleton (Crypt:2)
  A hobgoblin zombie (Crypt:1)
  A jackal zombie (D:6)
  19 kobolds
  A leopard gecko skeleton (Crypt:1)
  2 quokka skeletons
  A quokka zombie (D:5)
  19 rats
  A crawling corpse (Vaults:5)
  A fungus (Lair:3)
  2 plants
  15 starspawn tentacles
  5 tentacles
2707 creatures vanquished.

Vanquished Creatures (collateral kills)
  Mennas (Vaults:4)
  A juggernaut (Depths:4)
  Bai Suzhen (Crypt:2)
  An ancient champion (Crypt:1)
  2 tengu reavers (Vaults:5)
  A revenant (Crypt:1)
  A nagaraja (Snake:4)
  2 vault wardens
  3 vault guards
  A deep troll earth mage (Depths:4)
  An orc high priest (Orc:2)
  A naga sharpshooter (Snake:4)
  An orange crystal statue (Crypt:1)
  An orc sorcerer (Orc:2)
  A deep elf mage (Vaults:5)
  A vault sentinel (Vaults:5)
  A yaktaur (Depths:4)
  2 wraiths (Orc:2)
  4 orc warriors (Orc:2)
  An orc priest (Orc:2)
  2 orc wizards (Orc:2)
  4 orcs
34 creatures vanquished.

Vanquished Creatures (others)
  Frederick (Depths:3)
  2 deep elf master archers (Elf:3)
  A stone giant (Depths:3)
  A reaper (Crypt:1)
  A merfolk javelineer (Shoals:1)
  2 yaktaur captains
  A centaur warrior (Depths:1)
  2 satyrs
  3 naga sharpshooters
  2 deep elf knights
  A hell knight (Vaults:4)
  A harpy (Shoals:4)
  A faun (Shoals:1)
  2 deep elf magi
  A naga mage (Snake:3)
  6 yaktaurs
  A hornet (Vaults:5)
  3 small abominations (Abyss:3)
  A boggart (Depths:4)
  6 centaurs
  2 orcs (Vaults:4)
  2 fungi
  14 plants
  19 starspawn tentacles
  14 tentacles
  6 withered plants (D:15)
96 creatures vanquished.

Grand Total: 2837 creatures vanquished

Notes
Turn   | Place    | Note
-------+----------+-------------------------------------------
     0 | D:1      | Lauz the Minotaur Berserker began the quest for the Orb.
     0 | D:1      | Reached XP level 1. HP: 19/19 MP: 0/0
   110 | D:1      | Reached XP level 2. HP: 26/27 MP: 1/1
   613 | D:1      | Reached ** piety under Trog
   755 | D:1      | Reached XP level 3. HP: 20/33 MP: 2/2
  1243 | D:2      | Found a shattered altar of Ashenzari.
  1246 | D:2      | Found a deep blue altar of Sif Muna.
  1246 | D:2      | Found a hazy altar of Hepliaklqana.
  1259 | D:2      | Found a basalt altar of Yredelemnul.
  1282 | D:2      | Reached skill level 5 in Long Blades
  1289 | D:2      | Reached XP level 4. HP: 26/41 MP: 3/3
  1521 | D:2      | Noticed Ijyb
  1532 | D:2      | Killed Ijyb
  2184 | D:2      | Reached XP level 5. HP: 44/47 MP: 4/4
  2303 | D:3      | Reached skill level 1 in Stealth
  2531 | D:3      | Found a glowing golden altar of the Shining One.
  2866 | D:3      | Found a transporter.
  2867 | D:3      | Noticed Tommers's ghost (amateur OpVM)
  2869 | D:3      | Noticed an ogre
  2872 | D:3      | Found a transporter.
  2976 | D:4      | Found Tyth's Food Shoppe.
  3242 | D:4      | Reached *** piety under Trog
  3335 | D:4      | Found a staircase to the Ecumenical Temple.
  3415 | D:4      | Reached XP level 6. HP: 13/55 MP: 5/5
  3819 | D:4      | Reached skill level 5 in Fighting
  4130 | D:4      | Found a snail-covered altar of Cheibriados.
  4295 | D:5      | Entered Level 5 of the Dungeon
  4555 | D:5      | Reached XP level 7. HP: 31/61 MP: 6/6
  4557 | D:5      | Reached **** piety under Trog
  4798 | D:5      | Noticed Blork the orc
  4805 | D:5      | Killed Blork the orc
  5485 | D:5      | Found a white marble altar of Elyvilon.
  5519 | D:5      | Found a shadowy altar of Dithmenos.
  5520 | D:5      | Noticed Sigmund
  5527 | D:5      | Killed Sigmund
  5527 | D:5      | Reached XP level 8. HP: 70/70 MP: 7/7
  5608 | D:5      | Found an ornate altar of the Wu Jian Council.
  5621 | D:5      | Found a blossoming altar of Fedhas.
  5904 | D:6      | Found Ymaa's Magic Scroll Emporium.
  6045 | D:6      | Reached skill level 10 in Long Blades
  6062 | D:6      | Found Ufureig's Magic Scroll Shop.
  6177 | D:6      | Found Otreogg's Jewellery Emporium.
  6197 | D:6      | Found Ywkuv's Armour Emporium.
  6354 | D:6      | Found Jupal's Book Shop.
  7143 | D:7      | Reached XP level 9. HP: 62/79 MP: 8/8
  7871 | D:7      | Reached ***** piety under Trog
  8199 | D:7      | Reached skill level 5 in Armour
  9195 | D:8      | Found a sacrificial altar of Ru.
  9318 | D:8      | Noticed Prince Ribbit
  9328 | D:8      | Killed Prince Ribbit
  9557 | D:8      | Received a gift from Trog
  9777 | D:9      | Found a glowing silver altar of Zin.
  9811 | D:9      | Found a blossoming altar of Fedhas.
  9910 | D:9      | Noticed a troll
  9923 | D:9      | Killed a troll
  9923 | D:9      | Reached XP level 10. HP: 90/90 MP: 9/9
  9975 | D:9      | Found a radiant altar of Vehumet.
 10194 | D:10     | Entered Level 10 of the Dungeon
 10194 | D:10     | Noticed a cyclops
 10205 | D:10     | Killed a cyclops
 10262 | D:10     | Got a flickering golden ring
 10264 | D:10     | Identified the ring "Yfuolam" {EV+4 Str+2 Dex+4 Slay+5}
                  | (You found it on level 10 of the Dungeon)
 10622 | D:10     | Found a burning altar of Makhleb.
 10622 | D:10     | Noticed a green death
 10625 | D:10     | Noticed a smoke demon
 10697 | D:10     | Noticed a manticore
 10701 | D:10     | Killed a manticore
 10701 | D:10     | Reached skill level 10 in Fighting
 10736 | D:10     | Found a staircase to the Lair.
 11227 | D:11     | Received a gift from Trog
 11342 | D:11     | Found Elioprod's Antique Armour Emporium.
 11350 | D:11     | Bought a polished buckler for 247 gold pieces
 11355 | D:11     | Identified the +3 buckler of Hysteria {rPois rC+ Regen+
                  | rCorr} (You bought it in a shop on level 11 of the Dungeon)
 11372 | D:11     | Noticed a two-headed ogre
 11378 | D:11     | Killed a two-headed ogre
 11378 | D:11     | Reached XP level 11. HP: 101/101 MP: 10/10
 11428 | D:11     | Found a staircase to the Orcish Mines.
 11593 | D:11     | Reached skill level 1 in Shields
 11629 | D:11     | Reached skill level 15 in Long Blades
 11633 | D:11     | Noticed a skeletal warrior
 11636 | D:11     | Noticed a skeletal warrior
 11638 | D:11     | Noticed a skeletal warrior
 11671 | D:11     | Killed a skeletal warrior
 11677 | D:11     | Killed a skeletal warrior
 11680 | D:11     | Killed a skeletal warrior
 11739 | D:11     | Noticed a skeletal warrior
 11741 | D:11     | Noticed a skeletal warrior
 11749 | D:11     | Killed a skeletal warrior
 11755 | D:11     | Killed a skeletal warrior
 12140 | D:12     | Received a gift from Trog
 12177 | D:12     | Noticed Maurice
 12187 | D:12     | Killed Maurice
 12198 | D:12     | Noticed a five-headed hydra
 12446 | D:12     | Noticed a seven-headed hydra
 13027 | D:13     | Reached skill level 5 in Shields
 13027 | D:13     | Reached XP level 12. HP: 112/112 MP: 11/11
 13515 | D:14     | Noticed a centaur warrior
 13525 | D:14     | Killed a centaur warrior
 13566 | D:14     | Reached skill level 10 in Armour
 13763 | D:14     | Noticed a centaur warrior
 13773 | D:14     | Killed a centaur warrior
 13773 | D:14     | Received a gift from Trog
 13785 | D:14     | Got a translucent war axe {god gift}
 13786 | D:14     | Identified the +9 war axe of Liberalism {chop, rC+ Dex+4}
                  | (Trog gifted it to you on level 14 of the Dungeon)
 13859 | D:14     | Found a runed gate.
 13859 | D:14     | Found a runed gate.
 13859 | D:14     | Found a runed gate.
 13860 | D:14     | Noticed poirepourri's ghost (journeyman DDFi)
 13884 | D:14     | Killed poirepourri's ghost
 13994 | D:14     | Noticed a five-headed hydra
 14017 | D:14     | Killed a 13-headed hydra
 14065 | D:14     | Noticed a centaur warrior
 14077 | D:14     | Killed a centaur warrior
 14155 | D:14     | Noticed a death knight
 14168 | D:14     | Killed a death knight
 14294 | D:14     | Reached XP level 13. HP: 123/123 MP: 12/12
 14312 | D:14     | Found a gate to the Vaults.
 14420 | D:15     | Entered Level 15 of the Dungeon
 14490 | D:15     | Found Ubiosysmiza's General Store.
 14753 | D:14     | Reached skill level 15 in Fighting
 15167 | D:15     | Found a staircase to the Depths.
 15417 | D:15     | Reached skill level 5 in Dodging
 15721 | D:12     | Identified Wimuos's Reference Book on Cold
 15882 | D:12     | Reached ****** piety under Trog
 15900 | D:12     | Reached XP level 14. HP: 136/136 MP: 13/13
 16041 | D:12     | Got a faintly glowing granite ring
 16049 | D:12     | Identified the ring "Cegestuo" {Wiz +Blink Int+3} (You
                  | found it on level 12 of the Dungeon)
 16187 | D:12     | Found a sparkling altar of Nemelex Xobeh.
 16640 | Lair:1   | Entered Level 1 of the Lair of Beasts
 16774 | Lair:1   | Found an ornate altar of the Wu Jian Council.
 17305 | Lair:2   | Found a staircase to the Snake Pit.
 17758 | Lair:2   | Found a runed door.
 17758 | Lair:2   | Noticed Anon1729's ghost (journeyman BaFE)
 17776 | Lair:2   | Killed Anon1729's ghost
 17785 | Lair:2   | Got a distressingly furry scale mail
 17796 | Lair:2   | Identified the cursed +1 scale mail of Shielding {rC+
                  | Str+2} (You found it on level 2 of the Lair of Beasts)
 18362 | Lair:3   | Found a bloodstained altar of Trog.
 18472 | Lair:3   | Received a gift from Trog
 18732 | Lair:3   | Found a staircase to the Shoals.
 18904 | Lair:3   | Got a flickering jade ring
 18906 | Lair:3   | Got an ichor-stained dagger
 18907 | Lair:3   | Identified the +9 dagger of Makhleb's Benevolence {pain,
                  | Dex+4} (You found it on level 3 of the Lair of Beasts)
 18911 | Lair:3   | Identified the ring "Foaphug" {rC+ MP+9 Int+6} (You found
                  | it on level 3 of the Lair of Beasts)
 19474 | Lair:4   | You fall through a shaft!
 20212 | Lair:6   | Entered Level 6 of the Lair of Beasts
 20452 | Lair:6   | Reached XP level 15. HP: 145/145 MP: 14/14
 20499 | Lair:6   | Received a gift from Trog
 20529 | Lair:6   | Reached skill level 10 in Dodging
 20687 | Lair:6   | Found a staircase to the Slime Pits.
 21331 | Orc:1    | Entered Level 1 of the Orcish Mines
 21467 | Orc:2    | Entered Level 2 of the Orcish Mines
 21467 | Orc:2    | Found a staircase to the Elven Halls.
 21557 | Orc:2    | Received a gift from Trog
 21741 | Orc:2    | Noticed an orc warlord
 21771 | Orc:2    | Killed an orc warlord
 21787 | Orc:2    | Found a roughly hewn altar of Beogh.
 21791 | Orc:2    | Noticed Josephine
 21812 | Orc:2    | Killed Josephine
 21812 | Orc:2    | Received a gift from Trog
 21979 | Orc:2    | Identified a scroll of acquirement
 21993 | Orc:2    | Got a translucent chain mail
 22004 | Orc:2    | Identified the +0 chain mail of Qazlal's Supremacy {rN+
                  | Str+4 Dex+2} (You acquired it on level 2 of the Orcish
                  | Mines)
 22017 | Orc:2    | Found Lepuz's General Store.
 22023 | Orc:2    | Found Pigutzi's Antique Weapon Emporium.
 22217 | Orc:2    | Found Eduilu's Book Emporium.
 22258 | Orc:2    | Found Xiufim's Antique Armour Emporium.
 22395 | Orc:1    | Found Keri's Antique Weapon Shoppe.
 22885 | Snake:1  | Entered Level 1 of the Snake Pit
 22897 | Snake:1  | Found a deep blue altar of Sif Muna.
 23118 | Snake:1  | Found Eblerij's Weapon Shoppe.
 23547 | Snake:2  | Noticed a nagaraja
 23557 | Snake:2  | Killed a nagaraja
 23934 | Snake:2  | Received a gift from Trog
 24274 | Snake:3  | Noticed a nagaraja
 24288 | Snake:3  | Reached XP level 16. HP: 153/157 MP: 15/15
 25144 | Snake:3  | Received a gift from Trog
 25559 | Snake:3  | Received a gift from Trog
 25910 | Snake:4  | Entered Level 4 of the Snake Pit
 26369 | Snake:4  | Reached XP level 17. HP: 158/168 MP: 14/16
 26536 | Snake:4  | Reached skill level 15 in Armour
 26696 | Snake:4  | Received a gift from Trog
 27669 | Snake:4  | Received a gift from Trog
 27679 | Snake:4  | Got a polished longbow {god gift}
 27680 | Snake:4  | Lost intelligence.
 27680 | Snake:4  | Identified the +4 longbow of the Butterfly {flame, rC+ rN+
                  | MR+ Int-4} (Trog gifted it to you on level 4 of the Snake
                  | Pit)
 28256 | Snake:4  | Got a serpentine rune of Zot
 28706 | Snake:4  | Reached XP level 18. HP: 161/180 MP: 17/17
 29256 | Shoals:1 | Entered Level 1 of the Shoals
 29422 | Shoals:1 | Received a gift from Trog
 29777 | Shoals:1 | Received a gift from Trog
 30158 | Shoals:2 | Got a bloodstained falchion
 30159 | Shoals:2 | Identified the +8 falchion "Newt's Peril" {venom, rN+} (You
                  | found it on level 2 of the Shoals)
 30412 | Shoals:2 | Noticed Polyphemus
 30427 | Shoals:2 | Killed Polyphemus
 31292 | Shoals:4 | Entered Level 4 of the Shoals
 31318 | Shoals:4 | Received a gift from Trog
 31328 | Shoals:4 | Got a translucent triple sword {god gift}
 31334 | Shoals:4 | Identified the +8 triple sword of the Crypt {drain,
                  | *Corrode Dex+6} (Trog gifted it to you on level 4 of the
                  | Shoals)
 31512 | Shoals:4 | Reached XP level 19. HP: 109/190 MP: 18/18
 31783 | Shoals:4 | Got a barnacled rune of Zot
 31846 | Shoals:4 | Found an ancient bone altar of Kikubaaqudgha.
 32084 | Shoals:4 | Found a deep blue altar of Sif Muna.
 33077 | Elf:1    | Entered Level 1 of the Elven Halls
 33105 | Elf:1    | Received a gift from Trog
 33146 | Elf:1    | Reached skill level 15 in Dodging
 33481 | Elf:1    | Found a frozen archway.
 33491 | IceCv    | Entered an ice cave
 34407 | IceCv    | Received a gift from Trog
 34639 | IceCv    | Got a wavering copper ring
 34641 | IceCv    | Identified the ring "Winy" {rElec rF+++ rC+ MR+ Int-2} (You
                  | found it in an ice cave)
 34969 | Elf:1    | Found Ihuciowk's Assorted Antiques.
 35145 | Elf:1    | Found Ireskyto's Armour Shoppe.
 35215 | Elf:1    | Found a portal to a secret trove of treasure.
 35293 | Elf:2    | Found Zyqafuf's Antique Weapon Shoppe.
 35348 | Elf:2    | Found Siuphyaz's Assorted Antiques.
 35389 | Elf:2    | Found Gate's Assorted Antiques.
 35389 | Elf:2    | Found Papnyr's Food Shoppe.
 35414 | Elf:2    | Received a gift from Trog
 35717 | Elf:2    | Found a runed gate.
 35719 | Elf:2    | Found a runed gate.
 35722 | Elf:2    | Found a runed gate.
 35757 | Elf:2    | Found Wouni's Book Shoppe.
 35977 | Elf:2    | Received a gift from Trog
 36057 | Elf:2    | Reached skill level 10 in Shields
 36391 | Elf:3    | Entered Level 3 of the Elven Halls
 36512 | Elf:3    | Reached XP level 20. HP: 200/200 MP: 19/19
 36560 | Elf:3    | Received a gift from Trog
 36617 | Elf:3    | Cast into level 3 of the Abyss (a deep elf sorcerer)
 36617 | Abyss:3  | Found a corrupted altar of Lugonu.
 36772 | Abyss:3  | Noticed a bone dragon
 36793 | Abyss:3  | Killed a bone dragon
 36845 | Abyss:3  | Lost intelligence.
 37043 | Elf:3    | Escaped the Abyss
 37083 | Elf:3    | Received a gift from Trog
 37136 | Elf:3    | Cast into level 3 of the Abyss (a deep elf sorcerer)
 37222 | Abyss:3  | Paralysed by accursed screaming for 1 turns
 37229 | Abyss:3  | Paralysed by accursed screaming for 1 turns
 37416 | Abyss:3  | Lost intelligence.
 37454 | Abyss:3  | Gained mutation: Your magical capacity is low. (-10% MP) [a
                  | neqoxec]
 37512 | Abyss:3  | Noticed a bone dragon
 37526 | Abyss:3  | Killed a bone dragon
 37534 | Elf:3    | Escaped the Abyss
 37549 | Elf:3    | Received a gift from Trog
 37605 | Elf:3    | Got a fine platinum ring
 37607 | Elf:3    | Identified the ring of the Disturbing Moons {rC+ rN+ Int+6
                  | Dex+4} (You took it off a deep elf annihilator on level 3
                  | of the Elven Halls)
 37797 | Elf:3    | Found the +8 Wrath of Trog {antimagic, *Rage}
 37799 | Elf:3    | Found the +0 sword of Power
 38653 | Vaults:1 | Entered Level 1 of the Vaults
 38730 | Vaults:1 | Found Zues's Food Boutique.
 39456 | Vaults:1 | Reached XP level 21. HP: 189/211 MP: 18/18
 39748 | Vaults:1 | Received a gift from Trog
 40794 | Vaults:2 | Noticed Nikola
 40829 | Vaults:2 | Killed Nikola
 41064 | Vaults:2 | Received a gift from Trog
 41541 | Vaults:2 | Found a staircase to the Crypt.
 41589 | Crypt:1  | Entered Level 1 of the Crypt
 41633 | Crypt:1  | Found a magical portal.
 41663 | WizLab   | Entered Iskenderun's Mystic Tower
 41905 | WizLab   | Received a gift from Trog
 42347 | WizLab   | Identified Iskenderun's Papyrus of Conjuration
 42347 | WizLab   | Identified Iskenderun's Papyrus of Battle Magic
 42724 | Crypt:1  | Noticed Xtahua
 42737 | Crypt:1  | Killed Xtahua
 42737 | Crypt:1  | Reached XP level 22. HP: 199/222 MP: 6/18
 42740 | Crypt:1  | Noticed Boris
 42757 | Crypt:1  | Killed Boris
 42849 | Crypt:1  | Received a gift from Trog
 42956 | Crypt:1  | Found a runed door.
 42956 | Crypt:1  | Noticed Zaliutr Qeeff's ghost (adept CeBe)
 42993 | Crypt:1  | Killed Zaliutr Qeeff's ghost
 43301 | Crypt:1  | Found a transporter.
 43646 | Crypt:1  | Found a transporter.
 43751 | Crypt:1  | Got a scorched crystal plate armour
 43762 | Crypt:1  | Identified the +0 crystal plate armour of Insatiable Hunger
                  | {rN+ Str+3 Dex+3} (You found it on level 1 of the Crypt)
 43766 | Crypt:1  | Got a fine silver amulet
 43771 | Crypt:1  | Identified the amulet of Sunlusk {Spirit +Blink} (You found
                  | it on level 1 of the Crypt)
 44163 | Crypt:2  | Received a gift from Trog
 44496 | Crypt:3  | Entered Level 3 of the Crypt
 44513 | Crypt:3  | Noticed Bai Suzhen
 44540 | Crypt:2  | Killed Bai Suzhen
 44712 | Crypt:3  | Received a gift from Trog
 44975 | Crypt:3  | Noticed Jory
 44992 | Crypt:3  | Killed Jory
 45043 | Crypt:3  | Got a coiled ivory ring
 45045 | Crypt:3  | Identified the ring of Spring {MR+ Int+6} (You found it on
                  | level 3 of the Crypt)
 45237 | Crypt:3  | Noticed an ancient lich
 45244 | Crypt:3  | Killed an ancient lich
 45281 | Crypt:3  | Got an ivory shortbow
 45287 | Crypt:3  | Identified the cursed +0 shortbow "Gebba" {venom, rElec}
                  | (You found it on level 3 of the Crypt)
 45628 | Crypt:3  | Found a staircase to the Tomb.
 45723 | Crypt:3  | Reached XP level 23. HP: 232/232 MP: 6/19
 46346 | Vaults:3 | Received a gift from Trog
 46865 | Vaults:3 | Found Kepa Bio's Antique Armour Shop.
 46871 | Vaults:3 | Bought heavily runed gold dragon scales for 2890 gold
                  | pieces
 46884 | Vaults:3 | Identified the +0 gold dragon scales of Foolhardiness
                  | {rPois rF+ rC+ Regen+ Int+2} (You bought it in a shop on
                  | level 3 of the Vaults)
 47397 | Vaults:3 | Received a gift from Trog
 47597 | Vaults:4 | Noticed Mennas
 47632 | Vaults:4 | Noticed Margery
 47934 | Vaults:4 | Received a gift from Trog
 47965 | Vaults:4 | Noticed Sojobo
 47972 | Vaults:4 | Killed Margery
 48578 | Vaults:4 | Killed Mennas
 48990 | Vaults:4 | Killed Sojobo
 49300 | Vaults:4 | Reached XP level 24. HP: 216/243 MP: 6/19
 49603 | Depths:1 | Entered Level 1 of the Depths
 49661 | Depths:1 | Received a gift from Trog
 49833 | Depths:1 | Found a one-way gate to the infinite horrors of the Abyss.
 49839 | Depths:1 | Noticed a juggernaut
 49841 | Depths:1 | Found a runed door.
 49890 | Depths:1 | Killed a juggernaut
 49946 | Depths:1 | Received a gift from Trog
 50244 | Depths:1 | Got a wavering silver amulet
 50247 | Depths:1 | Identified the amulet of Equilibrium {Faith +Inv Stlth+}
                  | (You found it on level 1 of the Depths)
 50310 | Depths:1 | Found a gateway to Hell.
 51362 | Depths:2 | Found an ancient bone altar of Kikubaaqudgha.
 51364 | Depths:2 | Found Weophahi's Profane Products.
 51634 | Depths:2 | Noticed a greater mummy
 51649 | Depths:2 | Killed a greater mummy
 51649 | Depths:2 | Received a gift from Trog
 51908 | Depths:2 | Noticed a greater mummy
 51921 | Depths:2 | Killed a greater mummy
 51925 | Depths:2 | Noticed a greater mummy
 51928 | Depths:2 | Found the +7 sceptre of Torment
 51937 | Depths:2 | Killed a greater mummy
 51937 | Depths:2 | Reached skill level 15 in Shields
 52787 | Depths:3 | Noticed Frederick
 52794 | Depths:3 | Killed Frederick
 52824 | Depths:3 | Noticed the Enchantress
 52848 | Depths:3 | Killed the Enchantress
 52884 | Depths:3 | Reached XP level 25. HP: 225/253 MP: 6/19
 52982 | Depths:3 | Received a gift from Trog
 53008 | Depths:3 | Found a gateway to a ziggurat.
 53009 | Depths:3 | Noticed an ancient lich
 53719 | Depths:3 | Killed an ancient lich
 53862 | Depths:3 | Found a one-way gate leading to the halls of Pandemonium.
 54313 | Depths:4 | Received a gift from Trog
 54364 | Depths:4 | Found a transporter.
 54377 | Depths:4 | Noticed a juggernaut
 55141 | Depths:4 | Voluntarily entered the Abyss.
 55141 | Abyss:1  | Found a corrupted altar of Lugonu.
 55170 | Abyss:1  | Paralysed by accursed screaming for 1 turns
 55177 | Abyss:1  | Paralysed by accursed screaming for 1 turns
 55274 | Abyss:1  | Noticed an ancient lich
 55280 | Abyss:1  | Paralysed by an ancient lich for 5 turns
 55288 | Abyss:1  | Killed an ancient lich
 55288 | Abyss:1  | Reached skill level 27 in Long Blades
 55434 | Abyss:1  | Reached skill level 27 in Fighting
 55434 | Abyss:1  | Received a gift from Trog
 55927 | Abyss:2  | Found a corrupted altar of Lugonu.
 56184 | Abyss:2  | Found a corrupted altar of Lugonu.
 56337 | Abyss:3  | Found a transporter.
 56345 | Abyss:3  | Reached XP level 26. HP: 241/266 MP: 5/15
 56351 | Abyss:3  | Received a gift from Trog
 56392 | Abyss:3  | Noticed an ancient lich
 56403 | Abyss:3  | Killed an ancient lich
 56424 | Abyss:3  | Found a transporter.
 56429 | Abyss:3  | Got an abyssal rune of Zot
 56491 | Abyss:3  | Found a transporter.
 56603 | Abyss:4  | Found a sacrificial altar of Ru.
 56803 | Abyss:5  | Entered Level 5 of the Abyss
 56829 | Depths:4 | Escaped the Abyss
 56898 | Depths:4 | Found a transporter.
 56898 | Depths:4 | Found a transporter.
 56898 | Depths:4 | Found a transporter.
 56898 | Depths:4 | Found a transporter.
 56905 | Depths:4 | Found a transporter.
 56915 | Depths:4 | Killed a juggernaut
 56921 | Depths:4 | Received a gift from Trog
 57257 | Depths:5 | Entered Level 5 of the Depths
 57727 | Depths:5 | Found a gate to the Realm of Zot.
 58569 | Slime:1  | Entered Level 1 of the Pits of Slime
 58602 | Slime:1  | Received a gift from Trog
 58929 | Slime:2  | Gained mutation: You are dopey. (Int -2) [a shining eye]
 59284 | Slime:1  | Gained mutation: You are clumsy. (Dex -2) [a shining eye]
 59286 | Slime:1  | Gained mutation: You are frail. (-10% HP) [a shining eye]
 59289 | Slime:1  | Gained mutation: Potions are less effective at restoring
                  | your health. [a shining eye]
 60173 | Slime:3  | Gained mutation: Armour fits poorly on your strangely
                  | shaped body. [a shining eye]
 60178 | Slime:3  | Gained mutation: You are very clumsy. (Dex -4) [a shining
                  | eye]
 60748 | Slime:4  | Received a gift from Trog
 60880 | Slime:5  | Entered Level 5 of the Pits of Slime
 60900 | Slime:5  | Gained mutation: Potions are poor at restoring your health.
                  | [a shining eye]
 60904 | Slime:5  | Gained mutation: You are very frail. (-20% HP) [a shining
                  | eye]
 60905 | Slime:5  | Reached XP level 27. HP: 218/218 MP: 6/19
 60933 | Slime:5  | Noticed the Royal Jelly
 60946 | Slime:5  | Killed the Royal Jelly
 61444 | Slime:5  | Gained mutation: You do not regenerate when monsters are
                  | visible. [a shining eye]
 61446 | Slime:5  | Gained mutation: You tend to lose your temper in combat. [a
                  | shining eye]
 61501 | Slime:5  | Reached skill level 27 in Armour
 61531 | Slime:5  | Got a slimy rune of Zot
 61616 | Slime:5  | Identified the +1 pair of boots of Facig {rF+ Str-4 Dex+4}
                  | (You found it on level 5 of the Pits of Slime)
 61652 | Slime:5  | Identified the +2 pair of gloves of Ru's Envy {rF+ Regen+
                  | rCorr Int+3} (You found it on level 5 of the Pits of Slime)
 61681 | Slime:5  | Identified the cursed +0 falchion "Vituiq" {flame, Str+6}
                  | (You found it on level 5 of the Pits of Slime)
 61698 | Slime:5  | Identified the Volume of Feathers
 61892 | Slime:5  | Gained mutation: You are weak. (Str -2) [a shining eye]
 61894 | Slime:5  | Gained mutation: You are very dopey. (Int -4) [a shining
                  | eye]
 62474 | Vaults:5 | Entered Level 5 of the Vaults
 62666 | Vaults:5 | Received a gift from Trog
 62879 | Vaults:5 | Noticed an ancient lich
 62888 | Vaults:5 | Killed an ancient lich
 62981 | Vaults:5 | HP: 3/218 [deep elf high priest/divine providence (14)]
 63226 | Vaults:5 | Identified the cursed +0 great sword of Change {drain, rF+
                  | rC+ rN+} (You took it off a vault guard on level 5 of the
                  | Vaults)
 63248 | Vaults:5 | Received a gift from Trog
 63284 | Vaults:5 | Found Ocrist's Distillery.
 63365 | Vaults:5 | Found Plog's Magic Scroll Boutique.
 63368 | Vaults:5 | Found Xoqous's Food Shop.
 63369 | Vaults:5 | Got a silver rune of Zot
 63615 | Vaults:5 | HP: 9/218 [freezing wraith[a lich] (9)]
 63615 | Vaults:5 | Killed from afar by a shadow dragon

Skill      XL: |  1  2  3  4  5  6  7  8  9 10 11 12 13 14 15 16 17 18 19 20 21 22 23 24 25 26 27 |
---------------+----------------------------------------------------------------------------------+-----
Long Blades    | 4 5 6 7 9 11 13 14 15 17 18 19 20 21 22 23 24 25 26 27 | 27.0
Fighting       | 4 5 6 7 8 10 12 13 15 16 17 19 20 21 22 23 24 25 26 27 | 27.0
Stealth        | 1 2 |  2.2
Dodging        | 3 4 5 9 12 13 14 15 16 17 18 19 20 22 | 22.2
Armour         | 3 6 7 9 11 12 13 14 16 17 18 19 20 21 22 23 24 26 27 | 27.0
Shields        | 5 7 8 10 11 12 13 14 15 16 18 20 | 20.8
Throwing       | |  0.4
Evocations     | |  0.1

Action                   |  1- 3 |  4- 6 |  7- 9 | 10-12 | 13-15 | 16-18 | 19-21 | 22-24 | 25-27 || total
-------------------------+-------+-------+-------+-------+-------+-------+-------+-------+-------++-------
Melee: Falchion          |    70 |   201 |    90 |       |       |       |       |       |       ||   361
       Headbutt          |     9 |    45 |    66 |   122 |   301 |   340 |   482 |   632 |   674 ||  2671
       Long sword        |       |       |   174 |       |       |       |       |       |       ||   174
       Scimitar          |       |       |    11 |   401 |   890 |   375 |       |       |       ||  1677
       War axe           |       |       |       |    19 |    10 |       |       |       |       ||    29
       Double sword      |       |       |       |       |       |   598 |  1174 |  1478 |  1639 ||  4889
       Triple sword      |       |       |       |       |       |    53 |   109 |       |       ||   162
Throw: Javelin           |       |       |       |       |       |    20 |    10 |       |       ||    30
Invok: Berserk           |     1 |     1 |     4 |     1 |     1 |       |       |     2 |       ||    10
       Trog's Hand       |       |       |     2 |       |     1 |     2 |       |     7 |     4 ||    16
       Brothers in Arms  |       |       |       |       |     2 |     1 |       |     4 |     3 ||    10
 Abil: Stop Flying       |       |       |       |       |       |       |     1 |       |       ||     1
Evoke: Wand              |       |       |       |     1 |     6 |       |     7 |     3 |     1 ||    18
  Use: Scroll            |       |       |     4 |       |    27 |    13 |     9 |    14 |    15 ||    82
       Potion            |       |       |       |       |     1 |     3 |       |     5 |     7 ||    16
 Stab: Sleeping          |       |     2 |     4 |     1 |     3 |       |       |       |       ||    10
       Distracted        |       |     1 |     1 |       |       |       |       |     1 |     1 ||     4
       Petrified         |       |       |       |       |     7 |       |       |       |       ||     7
       Petrifying        |       |       |       |       |     1 |       |       |       |     3 ||     4
  Eat: Chunk             |       |    10 |     7 |    15 |    25 |    12 |    20 |    14 |    12 ||   115
       Ration            |       |     1 |     4 |       |     3 |     4 |     5 |     8 |     8 ||    33
Armor: Animal skin       |    12 |    22 |       |       |       |       |       |       |       ||    34
       Leather armour    |       |    14 |    36 |       |       |       |       |       |       ||    50
       Quicksilver drago |       |       |     3 |   119 |   210 |   163 |       |       |       ||   495
       Pearl dragon scal |       |       |       |       |       |    35 |   201 |    13 |       ||   249
       Crystal plate arm |       |       |       |       |       |       |       |   400 |   216 ||   616
       Gold dragon scale |       |       |       |       |       |       |       |       |   312 ||   312
Dodge: Dodged            |    47 |   120 |   147 |   245 |   584 |   930 |   781 |   812 |  1108 ||  4774
Block: Other             |       |       |     2 |    22 |       |    26 |    27 |     3 |       ||    80
       Buckler           |       |       |       |   165 |   524 |   641 |   598 |   636 |  1172 ||  3736
       Reflection        |       |       |       |    13 |    27 |   126 |    74 |   104 |    51 ||   395
       Large shield      |       |       |       |       |       |       |       |   678 |   143 ||   821
       Rpst.: Falchion   |     8 |    32 |    12 |       |       |       |       |       |       ||    52
       Long sword        |       |       |    35 |       |       |       |       |       |       ||    35
       Scimitar          |       |       |     2 |    42 |    96 |    55 |       |       |       ||   195
       Double sword      |       |       |       |       |       |    69 |   105 |   140 |   196 ||   510
       Triple sword      |       |       |       |       |       |    21 |    32 |       |       ||    53
